 Dungeon Crawl Stone Soup version 0.20-a0-214-gb74cb0e (webtiles) character file.

636 Lochraine the Poker (level 7, -3/50 HPs)
             Began as a Human Skald on Nov 27, 2016.
             Was an Initiate of Sif Muna.
             Slain by a scorpion (5 damage)
             ... on level 4 of the Dungeon.
             The game lasted 00:12:46 (4498 turns).

Lochraine the Poker (Human Skald)                   Turns: 4498, Time: 00:12:47

Health: -3/50      AC:  6    Str:  9 (12) XL:     7   Next: 79%
Magic:  12/12      EV: 12    Int: 17 (20) God:    Sif Muna [......]
Gold:   102        SH:  0    Dex: 16 (17) Spells: 5/13 levels left

rFire  + . .     SeeInvis .     a - +0 halberd
rCold  + . .     Gourm    .     e - +2 robe {rC+ rF+}
rNeg   . . .     Faith    .     (shield currently unavailable)
rPois  .         Spirit   .     l - +0 helmet
rElec  .         Reflect  .     (no cloak)
rCorr  .         Harm     .     t - +0 pair of gloves
MR     .....                    (no boots)
Stlth  +.........               (no amulet)
                                (no ring)
                                j - +5 ring of dexterity

@: brilliant, lethally poisoned (-3 -> -8)
A: no striking features
a: Renounce Religion


You were on level 4 of the Dungeon.
You worshipped Sif Muna.
Sif Muna was noncommittal.
You were hungry.

You visited 1 branch of the dungeon, and saw 4 of its levels.

You collected 102 gold pieces.

Inventory:

Hand Weapons
 a - a +0 halberd (weapon)
 b - a +2 hunting sling of velocity
 v - a +0 spear
Missiles
 r - 21 stones (quivered)
Armour
 e - a +2 robe of resistance (worn)
 l - a +0 helmet (worn)
 p - a +0 leather armour
 s - a +0 buckler
 t - a +0 pair of gloves (worn)
Jewellery
 j - a +5 ring of dexterity (left hand)
Scrolls
 f - a scroll of remove curse
 h - a scroll of amnesia {unknown}
 i - a scroll of noise {unknown}
 k - 6 scrolls of identify
 m - 2 scrolls of immolation
 n - 2 scrolls of recharging
 o - 2 scrolls of fog {unknown}
 u - 2 scrolls of enchant armour {unknown}
 x - 2 scrolls of random uselessness {unknown}
Books
 c - a book of Battle

   Spells                             Type                      Level
   a - Infusion                       Charms                       1
   b - Shroud of Golubria             Charms/Translocation         2
   c - Song of Slaying                Charms                       2
   d - Spectral Weapon                Hexes/Charms                 3
   e - Regeneration                   Charms/Necromancy            3
Comestibles
 d - 2 bread rations
 g - 3 meat rations
 z - 6 chunks of flesh


   Skills:
 - Level 2.0 Fighting
 * Level 5.6 Polearms
 - Level 1.0 Armour
 - Level 1.0 Dodging
 - Level 1.1 Shields
 + Level 3.6 Spellcasting
 * Level 0.2 Hexes
 + Level 4.5 Charms
 - Level 2.4 Translocations


You had 5 spell levels left.
You knew the following spells:

 Your Spells              Type           Power        Failure   Level  Hunger
a - Infusion              Chrm           ####         1%          1    None
b - Song of Slaying       Chrm           ####....     1%          2    ##.....
c - Shroud of Golubria    Chrm/Tloc      ####......   1%          2    ##.....
d - Spectral Weapon       Hex/Chrm       ###.....     2%          3    ###....


Dungeon Overview and Level Annotations

Branches:
Dungeon (4/15)
 Temple: D:4-7

Altars:
Okawaru
Sif Muna

Annotations:
D:3 Zorot's ghost, amateur DsCK


Message History

* * * LOW HITPOINT WARNING * * *
You hit the scorpion but do no damage.
The scorpion is almost dead.
You feel sick. The scorpion closely misses you.
Okay, then.
It was a potion of degeneration.
There was something very wrong with that liquid.
You feel weakened.
You feel dopey.
You feel clumsy.
You feel sick. The scorpion stings you.
* * * LOW HITPOINT WARNING * * *
It was a potion of brilliance.
You feel clever all of a sudden.
* * * LOW HITPOINT WARNING * * *
You feel sick. The scorpion misses you.
Okay, then.
You completely miss the scorpion.
The scorpion is severely wounded.
* * * LOW HITPOINT WARNING * * *
You feel sick. The scorpion stings you.
You die...

#......p.##.##.#
#..#...#.......#
##..#.p.#.##.####
.....p.(#.##.#
##......[....# ..
##.......#########....
###.##### #...!.# #.#
#s### ##.## #.@.# # #...#
###.# .. #...# #.# ...
#.(.##### ####.##....
####...#...###.........#
............##>##.##.###
.............#.#........
...........<.#.#.#.#.....
####.#####.#.#...........


You could see a scorpion.

Vanquished Creatures
  Pikel (D:3)
  2 slaves (D:3)
  A hound (D:4)
  A centaur skeleton (D:4)
  5 adders
  An adder skeleton (D:3)
  3 worms
  4 dart slugs
  2 leopard geckos (D:3)
  3 orcs
  4 giant cockroaches
  7 goblins
  10 hobgoblins
  2 quokkas
  A ball python (D:2)
  8 bats
  11 frilled lizards
  A jackal skeleton (D:4)
  9 kobolds
  7 rats
83 creatures vanquished.

Vanquished Creatures (others)
  2 worker ants (D:4)
  An orc (D:4)
3 creatures vanquished.

Grand Total: 86 creatures vanquished

Notes
Turn   | Place    | Note
-------+----------+-------------------------------------------
     0 | D:1      | Lochraine the Human Skald began the quest for the Orb.
     0 | D:1      | Reached XP level 1. HP: 16/16 MP: 3/3
   174 | D:1      | Reached XP level 2. HP: 20/22 MP: 5/5
   509 | D:1      | Reached XP level 3. HP: 22/27 MP: 2/6
   526 | D:1      | Learned a level 2 spell: Song of Slaying
   800 | D:2      | Learned a level 2 spell: Shroud of Golubria
  1118 | D:2      | Reached skill level 3 in Polearms
  1336 | D:2      | Reached XP level 4. HP: 29/33 MP: 1/7
  2086 | D:2      | Found a deep blue altar of Sif Muna.
  2092 | D:2      | Became a worshipper of Sif Muna the Loreminder
  2700 | D:3      | Reached XP level 5. HP: 35/38 MP: 9/9
  2705 | D:3      | Found an iron altar of Okawaru.
  2819 | D:3      | Reached skill level 1 in Shields
  2970 | D:3      | Noticed Zorot's ghost (amateur DsCK)
  2984 | D:4      | Noticed a slave
  2985 | D:4      | Noticed a slave
  3256 | D:3      | Killed a slave
  3277 | D:3      | Killed a slave
  4022 | D:4      | Noticed Pikel
  4035 | D:4      | Noticed a slave
  4041 | D:4      | Noticed a slave
  4081 | D:3      | Killed Pikel
  4081 | D:3      | Reached skill level 5 in Polearms
  4081 | D:3      | Reached XP level 6. HP: 20/44 MP: 8/11
  4081 | D:3      | Reached XP level 7. HP: 23/50 MP: 8/12
  4260 | D:4      | Learned a level 3 spell: Spectral Weapon
  4498 | D:4      | HP: 2/50 [poisoned by a scorpion]
  4498 | D:4      | Slain by a scorpion

Vault maps used:
D:1:      dpeg_arrival_prison, st_stairs_3
D:2:      led_sif_pool
D:3:      lemuel_crystal_altar
D:4:      nicolae_ashenzari_panopticon, nicolae_overflow_crystal_walls,
          lemuel_coloured_pillars_altar, first_bread, kennysheep_generic_room_6,
          uniq_pikel, uniq_edmund, uniq_robin

Skill      XL: |  1  2  3  4  5 |
---------------+----------------+-----
Polearms       | 3 5 |  5.6
Shields        | 1 |  1.1
Spellcasting   | 3 |  3.6
Charms         | 4 |  4.5
Translocations | 2 |  2.4
Fighting       | |  2.0
Armour         | |  1.0
Dodging        | |  1.0
Hexes          | |  0.2

Action                   |  1- 3 |  4- 6 |  7- 9 || total
-------------------------+-------+-------+-------++-------
Melee: Spear             |   155 |   159 |       ||   314
       Halberd           |       |    46 |    32 ||    78
 Fire: Hunting sling     |       |     8 |       ||     8
 Cast: Infusion          |     8 |     6 |       ||    14
       Song of Slaying   |     1 |       |       ||     1
  Use: Potion            |     1 |     4 |     2 ||     7
       Scroll            |       |     5 |       ||     5
 Stab: Sleeping          |       |     2 |     2 ||     4
  Eat: Chunk             |     2 |     7 |     1 ||    10
       Beef jerky        |       |       |     1 ||     1
Armor: Leather armour    |    28 |    40 |       ||    68
       Skin              |       |     1 |       ||     1
       Robe              |       |       |     8 ||     8
Dodge: Dodged            |    61 |    77 |    18 ||   156
Block: Buckler           |       |     7 |       ||     7
